 Dungeon Crawl Stone Soup version 0.17.2-1-ge4368a0 (webtiles) character file.

100 magog001 the Bolt Thrower (level 5, -1/39 HPs)
             Began as a Formicid Hunter on Oct 5, 2016.
             Was an Initiate of Nemelex Xobeh.
             Killed from afar by an orc wizard (2 damage)
             ... with a puff of flame
             ... on level 3 of the Dungeon.
             The game lasted 00:18:06 (2348 turns).

magog001 the Bolt Thrower (Formicid Hunter)         Turns: 2348, Time: 00:18:06

Health: -1/39      AC:  4    Str: 18    XL:     5   Next: 3%
Magic:  5/5        EV: 12    Int: 15    God:    Nemelex Xobeh [......]
Gold:   72         SH:  0    Dex: 11    Spells: 0 memorised, 4 levels left

rFire  . . .     SeeInvis +     o - +0 quarterstaff
rCold  . . .     Clarity  .     c - +0 leather armour
rNeg   . . .     SustAt   .     (no shield)
rPois  .         Gourm    .     (helmet unavailable)
rElec  .         Spirit   .     (no cloak)
rCorr  .         Warding  .     (no gloves)
rMut   .         Stasis   +     l - +0 pair of boots
MR     .....                    (no amulet)
Stlth  ++........               (no ring)
                                (no ring)

@: brilliant, not resistant to hostile enchantments, unstealthy
A: permanent stasis, dig shafts and tunnels, four strong arms, antennae 3
a: Dig, Shaft Self, Renounce Religion


You were on level 3 of the Dungeon.
You worshipped Nemelex Xobeh.
Nemelex Xobeh was noncommittal.
You were not hungry.

You visited 1 branch of the dungeon, and saw 3 of its levels.

You collected 72 gold pieces.

Inventory:

Hand Weapons
 a - a +2 hand crossbow
 b - a +0 short sword
 m - a +0 mace
 o - a +0 quarterstaff (weapon)
 r - a +0 mace
Missiles
 d - 4 bolts
 n - 8 sling bullets
 t - 17 poisoned needles
Armour
 c - a +0 leather armour (worn)
 l - a +0 pair of boots (worn)
Scrolls
 f - a scroll of identify
 g - a scroll of amnesia
 h - a scroll of enchant weapon
 j - 5 scrolls of recharging
 k - a scroll of remove curse
Potions
 i - 2 potions of curing
Miscellaneous
 s - a plain deck of war {drawn: 3}
Comestibles
 e - 2 bread rations
 u - a meat ration


   Skills:
 + Level 2.5 Fighting
 + Level 5.2 Crossbows
 + Level 1.4 Armour
 + Level 2.2 Dodging
 + Level 1.9 Stealth


You had 4 spell levels left.
You didn't know any spells.

Dungeon Overview and Level Annotations

Branches:
Dungeon (3/15)

Altars:
Nemelex Xobeh
Okawaru
Qazlal
Ru
Trog
Xom
Zin


Innate Abilities, Weirdness & Mutations

You are under a permanent stasis effect.
You can dig through walls and to a lower floor.
Your four strong arms can wield two-handed weapons with a shield.
You have a pair of large antennae on your head (SInv).


Message History

The orc wizard is moderately wounded.
The orc wizard points at you and mumbles some strange words.
The magic dart hits you!
* * * LOW HITPOINT WARNING * * *
You closely miss the orc wizard.
The orc wizard is moderately wounded.
The orc wizard hits you with a dagger.
* * * LOW HITPOINT WARNING * * *
You barely miss the orc wizard.
The orc wizard is moderately wounded.
Your centaur seems less confused.
Your centaur wields a shortbow.
Your centaur shoots an arrow.
The arrow closely misses the orc.
The arrow hits the orc wizard!
The arrow disappears in a puff of smoke!
The orc wizard hits you with a dagger.
* * * LOW HITPOINT WARNING * * *
The orc wizard points at you and mumbles some strange words.
The puff of flame hits you!
You die...
Your body disappears without a glow.

{##########
#.........
#o##.####### #.
#.##.# #o
#.##.####### #.
#.##.......# #(
#.##.#####.# #(
#.c.oo@..#.#
#.#####.###.#.#
#.).....# #.#
######### #.# {
#.# #.# #.# #.#
#.#


You could see an orc wizard, an orc and a friendly centaur.

Vanquished Creatures
  2 adders (D:2)
  2 worms (D:2)
  2 giant geckos
  4 goblins
  5 hobgoblins
  3 jackals (D:1)
  3 ball pythons
  6 bats
  3 giant newts
  7 kobolds
  2 quokkas (D:2)
  8 rats
47 creatures vanquished.

Vanquished Creatures (collateral kills)
  An orc priest (D:3)
  2 orcs (D:3)
  A goblin (D:2)
4 creatures vanquished.

Grand Total: 51 creatures vanquished

Notes
Turn   | Place    | Note
--------------------------------------------------------------
     0 | D:1      | magog001 the Formicid Hunter began the quest for the Orb.
     0 | D:1      | Reached XP level 1. HP: 16/16 MP: 1/1
   468 | D:1      | Reached XP level 2. HP: 17/22 MP: 2/2
   783 | D:1      | Reached XP level 3. HP: 27/27 MP: 3/3
  1073 | D:1      | Reached skill level 1 in Armour
  1377 | D:2      | Reached XP level 4. HP: 33/33 MP: 4/4
  1729 | D:2      | Found a bloodstained altar of Trog.
  1729 | D:2      | Found a glowing silver altar of Zin.
  1731 | D:2      | Found a stormy altar of Qazlal.
  1731 | D:2      | Found a sparkling altar of Nemelex Xobeh.
  1756 | D:2      | Found a shimmering altar of Xom.
  1756 | D:2      | Found an iron altar of Okawaru.
  1769 | D:2      | Found a sacrificial altar of Ru.
  1854 | D:2      | Reached skill level 5 in Crossbows
  1934 | D:2      | Became a worshipper of Nemelex Xobeh the Trickster
  1978 | D:2      | Received a gift from Nemelex Xobeh
  2320 | D:3      | Reached XP level 5. HP: 17/39 MP: 5/5
  2347 | D:3      | HP: 1/39 [orc wizard/dagger (4)]
  2348 | D:3      | Killed from afar by an orc wizard

Action                   |  1- 3 |  4- 6 || total
-------------------------+-------+-------++-------
Melee: Quarterstaff      |       |    39 ||    39
 Fire: Hand crossbow     |    87 |    14 ||   101
 Abil: Dig               |     3 |     2 ||     5
Evoke: Deck              |       |     3 ||     3
  Use: Scroll            |       |     6 ||     6
       Potion            |       |     2 ||     2
 Stab: Sleeping          |       |     1 ||     1
  Eat: Chunk             |     4 |       ||     4
       Bread ration      |       |     1 ||     1
